 Dungeon Crawl Stone Soup version 0.22-a0-455-ga0624bf (webtiles) character file.

33466 pk666 the Eclecticist (level 13, -10/62 (63) HPs)
             Began as a Deep Elf Fire Elementalist on June 5, 2018.
             Was a High Priest of Vehumet.
             Hit by a javelin thrown by a minotaur (26 damage)
             ... in a labyrinth.
             The game lasted 01:22:01 (22498 turns).

pk666 the Eclecticist (Deep Elf Fire Elementalist) Turns: 22498, Time: 01:22:01

HP:   -10/62 (63)   AC:  8    Str:  5    XL:     13   Next: 36%
MP:   31/34         EV: 21    Int: 26    God:    Vehumet [*****.]
Gold: 668           SH:  0    Dex: 19    Spells: 26/43 levels left

rFire    . . .     SeeInvis +   v - staff of conjuration
rCold    . . .     Gourm    .   (no shield)
rNeg     . . .     Faith    .   a - +0 robe
rPois    .         Spirit   .   I - +2 hat {MR+}
rElec    .         Reflect  .   C - +1 cloak {MR+}
rCorr    .         Harm     .   f - +1 pair of gloves
MR       +++..                  (no boots)
Stlth    ++........             (no amulet)
HPRegen  0.20/turn              u - +4 ring of dexterity
MPRegen  0.24/turn              k - ring of see invisible

@: hasted, very quick
A: no striking features
a: Renounce Religion


You were in a labyrinth.
You worshipped Vehumet.
Vehumet was extremely pleased with you.
You were not hungry.

You visited 3 branches of the dungeon, and saw 16 of its levels.
You also visited: Labyrinth.

You collected 728 gold pieces.
You spent 60 gold pieces at shops.

Inventory:

Armour
 a - a +0 robe (worn)
 f - a +1 pair of gloves (worn)
 C - a +1 cloak of magic resistance (worn)
 I - a +2 hat of magic resistance (worn)
Magical Staves
 v - an uncursed staff of conjuration (weapon)
Jewellery
 k - a ring of see invisible (right hand)
 l - an uncursed ring of protection from magic
 p - an uncursed ring of wizardry
 u - a +4 ring of dexterity (left hand)
 N - an uncursed ring of protection from magic
 O - an uncursed ring of wizardry
 P - a +4 ring of strength {unknown}
Wands
 g - a wand of scattershot (4)
 j - a wand of flame (65)
 n - a wand of iceblast (17)
 o - a wand of paralysis (37)
 x - a wand of digging (37)
 y - a wand of clouds (8)
 M - a wand of acid (5)
Scrolls
 b - a scroll of identify
 h - 3 scrolls of enchant armour
 i - 2 scrolls of remove curse
 s - 4 scrolls of amnesia
 z - a scroll of silence
 A - a scroll of fog
 B - 2 scrolls of teleportation
 D - a scroll of random uselessness
 E - a scroll of fear
 G - a scroll of magic mapping
 H - a scroll of enchant weapon
Potions
 e - 5 potions of curing
 m - 2 potions of might
 q - a potion of cancellation
 r - 4 potions of lignification
 t - 5 potions of brilliance
 w - a potion of ambrosia
 F - 2 potions of invisibility
 J - a potion of magic
 L - a potion of berserk rage {unknown}
Comestibles
 c - 38 rations


   Skills:
 + Level 10.6 Dodging
 - Level 2.4 Stealth
 + Level 15.9 Spellcasting
 + Level 13.3 Conjurations
 + Level 13.2 Fire Magic


You had 26 spell levels left.
You knew the following spells:

 Your Spells              Type           Power        Failure   Level  Hunger
a - Flame Tongue          Conj/Fire      #####        0%          1    None
b - Sticky Flame          Conj/Fire      #######.     1%          4    None
c - Conjure Flame         Conj/Fire      #######.     1%          3    None
d - Force Lance           Conj/Tloc      ######..     1%          4    None
z - Fireball              Conj/Fire      #######...   1%          5    None

Your spell library contained the following spells:

 Spells                   Type           Power        Failure   Level  Hunger
 Magic Dart               Conj           ####         0%          1    None
 Lightning Bolt           Conj/Air       ######....   1%          5    None
 Throw Flame              Conj/Fire      ######       0%          2    None
 Iskenderun's Mystic Bla  Conj           #######.     1%          4    None
 Stone Arrow              Conj/Erth      ######       1%          3    None
 Shock                    Conj/Air       ####         1%          1    None
 Swiftness                Chrm/Air       ###.....     3%          2    None
 Airstrike                Air            ###.......   7%          4    None
 Passwall                 Tmut/Erth      ###.....     3%          2    None
 Static Discharge         Conj/Air       ######..     1%          3    None
 Lee's Rapid Deconstruct  Erth           ###.......   17%         5    None
 Sandblast                Erth           ###...       1%          1    None
 Petrify                  Tmut/Erth      ###.....     26%         4    None
 Inner Flame              Hex/Fire       ######..     1%          3    None
 Fulminant Prism          Conj/Hex       ######....   1%          4    None
 Dazzling Spray           Conj/Hex       ######       1%          3    None
 Searing Ray              Conj           ######       0%          2    None


Dungeon Overview and Level Annotations

Branches:
Dungeon (11/15)            Temple (1/1) D:7            Lair (4/6) D:11
 Shoals (0/4) Lair:3       Spider (0/4) Lair:2          Orc (0/2) D:9

Altars:
Cheibriados
Dithmenos
Elyvilon
Gozag
Kikubaaqudgha
Makhleb
Okawaru
Qazlal
Ru
Trog
Vehumet
Xom
Yredelemnul
Zin
The Shining One

Shops:
D:3 *   D:6 !   D:7 %

Annotations:
Lair:4 exclusion: ice statue


Message History

Found a large emerald ring.
Found an escape hatch in the ceiling.
The minotaur throws a javelin.
The javelin hits you!!
You see here a javelin.
Casting: Fireball (safe; 1% risk of failure)
Confirm with . or Enter, or press ? or * to list all spells.
Aiming: Conjure Flame (safe; 1% risk of failure)
Press: ? - help, Dir - move target cursor You feel a surge of power!
The fire ignites!
The minotaur throws a javelin.
The javelin closely misses you.
Casting: Conjure Flame (safe; 1% risk of failure)
Confirm with . or Enter, or press ? or * to list all spells.
Aiming: Conjure Flame (safe; 1% risk of failure)
Press: ? - help, Dir - move target cursor You feel a surge of power!
The fire ignites!
The minotaur is engulfed in blazing flames.
The minotaur throws a javelin.
The javelin hits you!!
* * * LOW HITPOINT WARNING * * *
You feel yourself speed up.
The minotaur throws a javelin.
The javelin hits you!!
You die...

. # #. # #. #
.## # ## ##.#
. . #.. .# .#
#. # ..# . .
#.#####. ## #
. .. .
#.(.H...# #.
...
####(###<###
.# . #.
#...#.#...# #
. # .
##.###.###H###
#
#..@....#...#
# #
#####.###.###
. . #..H..# ##
# ####### .. #
. # # # #


You could see a minotaur.

Vanquished Creatures
  Gastronok (Lair:2)
  Harold (Lair:2)
  3 hydras
  4 two-headed ogres
  Sonja (Lair:2)
  The ghost of pk666 the Thaumaturge, a novice DEFE of Vehumet (D:8)
  An unseen horror (D:10)
  An ugly thing (D:11)
  Maurice (D:9)
  6 torpor snails (Lair:2)
  2 black mambas
  6 spiny frogs
  A centaur skeleton (D:11)
  3 komodo dragons
  A queen bee (Lair:1)
  A freezing wraith (Lair:4)
  5 jumping spiders (Lair:2)
  3 trolls
  A polar bear (Lair:4)
  3 blink frogs (Lair:2)
  8 hippogriffs
  A wraith (D:11)
  3 redbacks (Lair:2)
  A wyvern (D:11)
  18 yaks
  A basilisk (Lair:3)
  A hungry ghost (D:10)
  Edmund (D:6)
  6 swamp worms (Lair:1)
  Duvessa (D:7)
  5 water moccasins
  A porcupine (Lair:4)
  8 ice beasts
  5 orc warriors
  2 black bears
  10 necrophages
  5 ogres
  A phantom (D:11)
  The ghost of KristoblXynda the Slasher, an amateur NaGl (D:6)
  3 sky beasts
  11 centaurs
  5 crocodiles
  The ghost of junkhipster the Cudgeler, an amateur GrCK of Xom (D:3)
  2 big kobolds
  13 bullfrogs
  Dowan (D:7)
  5 scorpions
  A water moccasin skeleton (D:9)
  28 killer bees
  10 wights (D:10)
  A howler monkey (D:8)
  2 crimson imps
  2 bullfrog zombies
  A quasit (D:8)
  3 orc priests
  2 centaur zombies
  5 hounds
  2 bullfrog skeletons
  A gnoll shaman (D:8)
  2 jellies
  3 iguanas
  12 orc wizards
  7 worker ants
  A hound skeleton (D:5)
  A hound zombie (D:10)
  A killer bee simulacrum (D:9)
  2 mummies (D:10)
  2 howler monkey zombies
  2 worker ant zombies
  13 adders
  17 gnolls
  A howler monkey skeleton (D:5)
  2 shadow imps
  3 white imps (D:9)
  An ooze (D:1)
  An adder skeleton (D:4)
  3 worms
  A dart slug (D:1)
  3 leopard geckos
  45 orcs
  3 giant cockroaches
  9 hobgoblins
  14 jackals
  A quokka (D:4)
  2 ball pythons
  A ball python skeleton (D:4)
  3 bats (D:1)
  7 frilled lizards
  6 goblins
  8 kobolds
  A quokka zombie (D:7)
  8 rats
  A fungus (Lair:3)
  4 plants
415 creatures vanquished.

Vanquished Creatures (others)
  An orc wizard (D:6)
  4 fungi
  3 plants
8 creatures vanquished.

Grand Total: 423 creatures vanquished

Notes
Turn   | Place    | Note
-------+----------+-------------------------------------------
     0 | D:1      | pk666 the Deep Elf Fire Elementalist began the quest for the Orb.
     0 | D:1      | Reached XP level 1. HP: 10/10 MP: 6/6
   248 | D:1      | Reached XP level 2. HP: 15/15 MP: 2/8
   923 | D:2      | Reached XP level 3. HP: 19/19 MP: 5/10
  1286 | D:2      | Reached XP level 4. HP: 24/24 MP: 8/11
  1298 | D:2      | Noticed a moth of wrath
  1301 | D:2      | Found a bloodstained altar of Trog.
  1315 | D:2      | Learned a level 4 spell: Sticky Flame
  1319 | D:2      | Learned a level 3 spell: Conjure Flame
  1495 | D:2      | Reached skill level 4 in Spellcasting
  1888 | D:3      | Found a bloodstained altar of Trog.
  1911 | D:3      | Noticed junkhipster's ghost (amateur GrCK)
  2792 | D:3      | Killed junkhipster's ghost
  2792 | D:3      | Reached XP level 5. HP: 28/28 MP: 2/13
  3262 | D:3      | Found an opulent altar of Gozag.
  3263 | D:3      | Found Gozag's Platinum Reserve.
  3406 | D:3      | Noticed an ice beast
  3411 | D:3      | Killed an ice beast
  3411 | D:3      | Reached skill level 5 in Spellcasting
  3411 | D:3      | Reached XP level 6. HP: 32/32 MP: 7/15
  3976 | D:4      | Reached skill level 5 in Conjurations
  3976 | D:4      | Reached skill level 5 in Fire Magic
  5019 | D:4      | Reached XP level 7. HP: 36/36 MP: 15/17
  5185 | D:5      | Entered Level 5 of the Dungeon
  5190 | D:5      | Reached skill level 6 in Spellcasting
  5192 | D:5      | Found a glowing golden altar of the Shining One.
  5549 | D:5      | Found a white marble altar of Elyvilon.
  5726 | D:5      | Reached skill level 7 in Spellcasting
  5954 | D:5      | Reached XP level 8. HP: 41/41 MP: 14/21
  6415 | D:5      | Found a burning altar of Makhleb.
  6415 | D:5      | Noticed a balrug
  6457 | D:6      | Noticed Edmund
  6717 | D:6      | Reached skill level 8 in Spellcasting
  7184 | D:6      | Noticed KristoblXynda's ghost (amateur NaGl)
  7199 | D:6      | HP: 2/41 [KristoblXynda's ghost (7)]
  7200 | D:6      | Killed KristoblXynda's ghost
  7740 | D:6      | Killed Edmund
  7932 | D:6      | Reached skill level 9 in Spellcasting
  8024 | D:6      | Found Podghura's Distillery.
  8054 | D:6      | Bought a potion of heal wounds for 60 gold pieces
  8673 | D:6      | Reached XP level 9. HP: 45/45 MP: 15/24
  9041 | D:6      | Found a glowing silver altar of Zin.
  9042 | D:6      | Found a sacrificial altar of Ru.
  9229 | D:7      | Found a staircase to the Ecumenical Temple.
  9238 | D:7      | Noticed Duvessa
  9239 | D:7      | Noticed Dowan
  9242 | Temple   | Entered the Ecumenical Temple
  9253 | Temple   | Became a worshipper of Vehumet
  9402 | D:7      | Killed Duvessa
  9578 | D:7      | Killed Dowan
  9823 | D:7      | Learned a level 5 spell: Fireball
  9991 | D:7      | Reached skill level 10 in Spellcasting
 10084 | D:7      | Found Xiqol's Food Emporium.
 10301 | D:7      | Found a shimmering altar of Xom.
 10395 | D:8      | Noticed a two-headed ogre
 10411 | D:8      | Killed a two-headed ogre
 10588 | D:8      | Noticed pk666's ghost (novice DEFE)
 10615 | D:8      | Killed pk666's ghost
 10615 | D:8      | Reached skill level 11 in Spellcasting
 10615 | D:8      | Reached XP level 10. HP: 21/50 MP: 0/27
 11716 | D:8      | Noticed a two-headed ogre
 11717 | D:8      | Reached skill level 10 in Conjurations
 11721 | D:8      | Killed a two-headed ogre
 11721 | D:8      | Reached skill level 10 in Fire Magic
 11918 | D:8      | Reached skill level 12 in Spellcasting
 11983 | D:8      | Reached * piety under Vehumet
 11983 | D:8      | Offered knowledge of Freeze by Vehumet.
 12577 | D:9      | Noticed Maurice
 12587 | D:9      | Learned a level 4 spell: Force Lance
 12601 | D:9      | Killed Maurice
 12813 | D:9      | Noticed a two-headed ogre
 12817 | D:9      | Killed a two-headed ogre
 13684 | D:9      | Found a staircase to the Orcish Mines.
 13943 | D:10     | Entered Level 10 of the Dungeon
 13959 | D:10     | Reached XP level 11. HP: 53/53 MP: 0/29
 14279 | D:10     | Found a white marble altar of Elyvilon.
 14448 | D:10     | Noticed an unseen horror
 14452 | D:10     | Killed an unseen horror
 14452 | D:10     | Reached skill level 5 in Dodging
 14452 | D:10     | Reached skill level 13 in Spellcasting
 14616 | D:10     | Noticed a two-headed ogre
 14620 | D:10     | Killed a two-headed ogre
 14620 | D:10     | Reached ** piety under Vehumet
 14623 | D:10     | Offered knowledge of Sting by Vehumet.
 15779 | D:11     | Noticed a purple ugly thing
 15782 | D:11     | Killed a purple ugly thing
 15817 | D:11     | Offered knowledge of Ignite Poison by Vehumet.
 16160 | D:11     | Reached *** piety under Vehumet
 16264 | D:11     | Found a staircase to the Lair.
 16656 | D:11     | Reached skill level 14 in Spellcasting
 16682 | D:11     | Offered knowledge of Mephitic Cloud by Vehumet.
 17411 | Lair:1   | Entered Level 1 of the Lair of Beasts
 18078 | Lair:1   | Reached XP level 12. HP: 58/58 MP: 22/32
 18402 | Lair:1   | Reached **** piety under Vehumet
 18580 | Lair:1   | Offered knowledge of Yara's Violent Unravelling by Vehumet.
 18889 | Lair:2   | Noticed Sonja
 18891 | Lair:2   | Killed Sonja
 19191 | Lair:2   | Noticed Harold
 19195 | Lair:2   | Killed Harold
 19300 | Lair:2   | Noticed Gastronok
 19308 | Lair:2   | Killed Gastronok
 19308 | Lair:2   | Reached skill level 15 in Spellcasting
 19904 | Lair:2   | Found a snail-covered altar of Cheibriados.
 20048 | Lair:2   | Found a hole to the Spider Nest.
 20591 | Lair:3   | Noticed a five-headed hydra
 20595 | Lair:3   | Killed a five-headed hydra
 20595 | Lair:3   | Reached XP level 13. HP: 62/62 MP: 11/34
 20745 | Lair:3   | Reached skill level 10 in Dodging
 20977 | Lair:3   | Found a staircase to the Shoals.
 21067 | Lair:3   | Found a burning altar of Makhleb.
 21908 | Lair:4   | Reached ***** piety under Vehumet
 22094 | Lair:4   | Offered knowledge of Bolt of Fire by Vehumet.
 22215 | Lair:4   | Found a labyrinth entrance.
 22286 | Lab      | Entered a labyrinth
 22482 | Lab      | Noticed a minotaur
 22498 | Lab      | Hit by a javelin thrown by a minotaur

Vault maps used:
D:1:      eino_arrival_druids_welcome
D:2:      tgw_trog
D:3:      nicolae_gozag_zags_fifth_avenue, first_ration,
          trog_three_pillars_becter
D:4:      hangedman_decor_slide_cut
D:5:      kennysheep_mini_moat, makhleb_altar_promises_db,
          overflow_temple_1_default
D:6:      gammafunk_temple_overflow_pools, serial_shops, shop, minivault_19,
          uniq_edmund
D:7:      lemuel_round_altar, minmay_temple_entry_glass, serial_shops, shop,
          uniq_duvessa
D:8:      blue_anna_alchemist, grunt_ministairs_3, hangedman_minor_gate_pass
D:9:      hiddenorc1_lemuel, serial_ice, serial_ice_a, serial_ice_e,
          serial_ice_g, serial_ice_n, uniq_maurice
D:10:     serial_undead, serial_undead_e, serial_undead_b, serial_undead_d,
          serial_undead_c, serial_undead_d, serial_undead_a, serial_undead_c,
          serial_undead_d, serial_undead_b, serial_undead_a, elyvilon_altar_4
D:11:     lair_entry_dummy
Temple:   eino_wide_crystal_templ
Lair:1:   special_room, worms_lemuel
Lair:2:   statuecave_lemuel, nicolae_spider_entry_tight_spaces,
          nicolae_quartered_pool_medium, kennysheep_snail_temple, uniq_sonja,
          uniq_harold, uniq_gastronok
Lair:3:   minmay_shoals_entry_centaurs, basic_altar, lemuel_fruit_fields,
          grunt_megastairs_2
Lair:4:   lab_entry_generic, ice2_lemuel, serial_bayou_shore_b
Lab:      nicolae_lab_t_cross, nicolae_lab_grate_2, nicolae_lab_quarters

Skill      XL: |  1  2  3  4  5  6  7  8  9 10 11 12 13 |
---------------+----------------------------------------+-----
Conjurations   | 2 3 4 5 6 8 9 10 11 12 13 | 13.3
Spellcasting   | 4 5 7 9 11 12 14 15 | 15.9
Fire Magic     | 4 5 6 7 9 10 11 12 13 | 13.2
Dodging        | 4 7 9 10 | 10.6
Stealth        | |  2.4

Action                   |  1- 3 |  4- 6 |  7- 9 | 10-12 | 13-15 || total
-------------------------+-------+-------+-------+-------+-------++-------
Melee: Flail             |       |    23 |       |       |       ||    23
       Unarmed           |       |     6 |     2 |       |       ||     8
       Staff             |       |       |    22 |    18 |       ||    40
 Cast: Flame Tongue      |    57 |   144 |   259 |   194 |     4 ||   658
       Conjure Flame     |       |    10 |    16 |    35 |     3 ||    64
       Sticky Flame      |       |       |    24 |    31 |     6 ||    61
       Fireball          |       |       |     6 |   177 |    46 ||   229
       Force Lance       |       |       |       |     4 |       ||     4
  Use: Scroll            |     3 |       |     6 |    13 |     1 ||    23
       Potion            |       |     4 |     3 |     2 |     1 ||    10
  Eat: Chunk             |     1 |    11 |    13 |    30 |     5 ||    60
       Ration            |       |       |     2 |     3 |       ||     5
Armor: Robe              |     8 |    18 |    28 |    12 |       ||    66
       Skin              |       |     2 |       |     1 |       ||     3
Dodge: Dodged            |    34 |    51 |    98 |    45 |    13 ||   241

Table legend:
 A = Spawn XP
 B = Non-spawn XP
 C = Spawn XP percentage of total XP
 D = Spawn monster count
 E = Non-spawn monster count
 F = Spawn count percentage of total count
 G = Total turns spent on level
                    A         B        C        D         E        F      G
               +---------+---------+-------+---------+---------+-------+---------
         Total |       0 |   47809 |   0.0 |       0 |     411 |   0.0 | 22498
               +---------+---------+-------+---------+---------+-------+---------
           D:1 |       0 |      35 |   0.0 |       0 |      11 |   0.0 |   879
           D:2 |       0 |     100 |   0.0 |       0 |      34 |   0.0 |  1597
           D:3 |       0 |     309 |   0.0 |       0 |      19 |   0.0 |  1325
           D:4 |       0 |     325 |   0.0 |       0 |      17 |   0.0 |  1608
           D:5 |       0 |     917 |   0.0 |       0 |      24 |   0.0 |  1665
           D:6 |       0 |    1326 |   0.0 |       0 |      35 |   0.0 |  2121
           D:7 |       0 |    1017 |   0.0 |       0 |      20 |   0.0 |  1045
           D:8 |       0 |    4477 |   0.0 |       0 |      30 |   0.0 |  2135
           D:9 |       0 |    2268 |   0.0 |       0 |      29 |   0.0 |  1422
          D:10 |       0 |    4844 |   0.0 |       0 |      45 |   0.0 |  1836
          D:11 |       0 |    4801 |   0.0 |       0 |      38 |   0.0 |  1632
        Lair:1 |       0 |    4283 |   0.0 |       0 |      39 |   0.0 |  1590
        Lair:2 |       0 |   11891 |   0.0 |       0 |      29 |   0.0 |  1482
        Lair:3 |       0 |    5306 |   0.0 |       0 |      21 |   0.0 |  1540
        Lair:4 |       0 |    5910 |   0.0 |       0 |      20 |   0.0 |   263
               +---------+---------+-------+---------+---------+-------+---------
